 Dungeon Crawl Stone Soup version 0.27.1-33-g824d729ab1 (webtiles) character file.

Game seed: 5705610287572601450

154 zeram the Caller (level 5, -2/28 HPs)
             Began as a Deep Elf Summoner on Dec 8, 2021.
             Slain by a black bear (3 damage)
             ... on level 4 of the Dungeon.
             The game lasted 00:09:07 (4955 turns).

zeram the Caller (Deep Elf Summoner)                Turns: 4955, Time: 00:09:07

Health: -2/28      AC:  3    Str:  5    XL:     5   Next: 13%
Magic:  9/14       EV: 17    Int: 21    God:
Gold:   174        SH:  0    Dex: 15    Spells: 4/14 levels left

rFire    . . .     SeeInvis .   b - +0 dagger
rCold    . . .     Faith    .   (no shield)
rNeg     . . .     Spirit   .   a - +0 robe
rPois    .         Reflect  .   c - +0 helmet
rElec    .         Harm     .   (no cloak)
rCorr    .         Rampage  .   (no gloves)
Will     .....                  (no boots)
Stlth    ++........             (no amulet)
HPRegen  0.09/turn              k - +4 ring of evasion
MPRegen  0.14/turn              (no ring)

@: no status effects
A: no striking features
a: no special abilities


You were on level 4 of the Dungeon.
You visited 1 branch of the dungeon, and saw 4 of its levels.

You collected 174 gold pieces.

Inventory:

Hand Weapons
 b - a +0 dagger (weapon)
Armour
 a - a +0 robe (worn)
 c - a +0 helmet (worn)
Jewellery
 k - a +4 ring of evasion (left hand)
Scrolls
 j - a scroll of brand weapon {unknown}
 l - a scroll of identify {unknown}
 m - a scroll of vulnerability {unknown}
 n - 2 scrolls of teleportation {unknown}
Potions
 d - a potion of ambrosia {unknown}
 e - a potion of berserk rage {unknown}
 f - a potion of curing {unknown}
 g - a potion of heal wounds {unknown}
 h - a potion of might {unknown}
 i - a potion of lignification {unknown}


   Skills:
 - Level 0.4 Short Blades
 + Level 3.1 Dodging
 - Level 2.4 Stealth
 + Level 5.1 Spellcasting
 + Level 5.7 Summonings


You had 4 spell levels left.
You knew the following spells:

 Your Spells              Type           Power      Damage    Failure   Level
a - Summon Small Mammal   Summ           100%       N/A       1%          1
b - Call Imp              Summ           29%        N/A       1%          2
c - Call Canine Familiar  Summ           29%        N/A       3%          3
d - Summon Lightning Spi  Summ/Air       17%        N/A       32%         4

Your spell library contained the following spells:

 Spells                   Type           Power      Damage    Failure   Level
 Summon Guardian Golem    Hex/Summ       17%        N/A       10%         3


Dungeon Overview and Level Annotations

Branches:
Dungeon (4/15)
 Temple: D:4-7

Altars:

Shops:
D:3 :


Message History

Your white imp closely misses the black bear.
The black bear bites your white imp.
The black bear completely misses your white imp.
The black bear claws your white imp.
Your white imp hits the black bear.
Your white imp freezes the black bear.
The black bear bites your white imp!
Your white imp dies!
Your white imp disappears in a puff of smoke!
The black bear goes berserk!
Casting: Call Imp (safe; 1% risk of failure)
Confirm with . or Enter, or press ? or * to list all spells.
You don't know that spell.
The black bear bites your crimson imp. The black bear misses your crimson imp.
The black bear claws your crimson imp.
Casting: Call Imp (safe; 1% risk of failure)
Confirm with . or Enter, or press ? or * to list all spells.
A beastly little devil appears in a puff of frigid air.
The black bear bites your crimson imp. The black bear claws your crimson imp.
Your crimson imp dies!
Your crimson imp disappears in a puff of smoke!
The black bear bites your white imp!
Your white imp dies!
Your white imp disappears in a puff of smoke!
The black bear closely misses you. The black bear claws you.
The black bear misses you.
You closely miss the black bear.
The black bear is severely wounded.
The black bear misses you. The black bear claws you. x2
The black bear closely misses you. The black bear claws you.
The black bear completely misses you.
Casting: Call Imp (safe; 1% risk of failure)
Confirm with . or Enter, or press ? or * to list all spells.
A beastly little devil appears in a puff of frigid air.
The black bear bites you. The black bear claws you.
* * * LOW HITPOINT WARNING * * *
The black bear barely misses you. The black bear bites you.
* * * LOW HITPOINT WARNING * * *
The black bear claws you.
You die...

#....#######...##########
#....##...###'###......##
#....##...##.5.##........
#.....#..................
#....#######5.)..........
#....##...##.....).......
#.....#....'.....).......
#######5..##...##>.......
#.@.##...##########
#.h......# #...##...#
#...##...# #...######
#...# #.†.# #...# ###'#


You could see a black bear (berserk, ally target) and a friendly white imp
(summoned).

Vanquished Creatures
  2 dart slugs
  2 bats
  3 goblins
  2 hobgoblins (D:1)
  2 kobolds
  A quokka (D:1)
  3 frilled lizards
  5 rats
20 creatures vanquished.

Vanquished Creatures (collateral kills)
  A black bear (D:4)
  An orc wizard (D:4)
  Robin (D:2)
  4 adders
  2 worms
  A dart slug (D:3)
  5 orcs
  4 ball pythons
  3 endoplasms
  A giant cockroach (D:1)
  13 goblins
  3 hobgoblins
  2 quokkas (D:1)
  3 bats
  3 frilled lizards
  6 kobolds
  A rat (D:1)
54 creatures vanquished.

Grand Total: 74 creatures vanquished

Notes
Turn   | Place    | Note
-------+----------+-------------------------------------------
     0 | D:1      | zeram the Deep Elf Summoner began the quest for the Orb.
     0 | D:1      | Reached XP level 1. HP: 10/10 MP: 6/6
   796 | D:1      | Reached XP level 2. HP: 15/15 MP: 8/8
   799 | D:1      | Learned a level 2 spell: Call Imp
  1436 | D:1      | Found a faded altar of an unknown god.
  2337 | D:2      | Noticed Robin
  2339 | D:2      | Reached XP level 3. HP: 13/19 MP: 5/10
  2346 | D:2      | Reached skill level 5 in Summonings
  2370 | D:2      | Killed Robin
  3158 | D:2      | Learned a level 3 spell: Call Canine Familiar
  3512 | D:2      | You fall into a shaft and drop 1 floor!
  3673 | D:3      | Reached XP level 4. HP: 24/24 MP: 10/12
  4167 | D:3      | Learned a level 4 spell: Summon Lightning Spire
  4348 | D:3      | Found Faicw's Book Boutique.
  4805 | D:4      | Noticed a black bear
  4819 | D:4      | Killed a black bear
  4820 | D:4      | Reached skill level 5 in Spellcasting
  4820 | D:4      | Reached XP level 5. HP: 20/28 MP: 5/14
  4932 | D:4      | Noticed a black bear
  4955 | D:4      | HP: 1/28 [black bear (4)]
  4955 | D:4      | Slain by a black bear

Illustrated notes

Levels and vault maps discovered:
D:1:      minmay_arrival_arboretum_small, layout_loops_cross,
          hellmonk_ecumenical_altar_lost_god
D:2:      layout_loops_corners, chequers_decorated_corner, uniq_robin
D:3:      layout_loops_ring, serial_shops, nicolae_lakefront_shop,
          kennysheep_generic_room_16
D:4:      layout_gridville, nicolae_overflow_hidden_temple,
          grunt_decor_resistance

Skill      XL: |  1  2  3  4 |
---------------+-------------+-----
Summonings     | 5 |  5.7
Spellcasting   | 4 5 |  5.1
Dodging        | 3 |  3.1
Short Blades   | |  0.4
Stealth        | |  2.4

Action                   |  1- 3 |  4- 6 || total
-------------------------+-------+-------++-------
Melee: Dagger            |    82 |    32 ||   114
       Unarmed           |     3 |       ||     3
 Cast: Summon Small Mamm |    15 |       ||    15
       Call Imp          |    38 |    23 ||    61
       Call Canine Famil |     1 |       ||     1
  Use: Scroll            |     3 |       ||     3
 Stab: Sleeping          |     8 |     1 ||     9
Armor: Robe              |    19 |     3 ||    22
Dodge: Dodged            |    83 |    43 ||   126
